Description

This build opens up with a fast third gas, a lot of vikings and tanks to kill your enemy early

Replay - ByuN v Maru: Game 2 - Daybreak LE (Void)

Build Order

Get SALT Encoding   

  12  0:00  SCV  
  13  0:12  SCV  
  14  0:17  Supply Depot  
  14  0:24  SCV  
  15  0:29  Refinery  
  15  0:39  SCV  
  16  0:45  Barracks  
  16  0:51  SCV  
  16  0:56  Refinery  
  17  1:03  SCV  
  18  1:15  SCV  
  19  1:31  Orbital Command  
  19  1:32  Reaper  
  20  1:35  Factory  
  20  1:45  Supply Depot  
  20  1:57  SCV  
  21  2:04  Reaper  
  22  2:09  SCV  
  23  2:19  Cyclone  
  23  2:21  SCV  
  27  2:23  Starport  
  27  2:35  Supply Depot  
  28  2:37  Barracks Tech Lab  
  29  2:59  Viking  
  31  3:23  Barracks Reactor  
  31  3:24  Command Center  
  32  3:35  Raven  
  32  3:36  Factory Tech Lab  
  35  3:42  Supply Depot  
  36  3:57  Siege Tank  
  39  4:03  Marine x2  
  43  4:29  Refinery  
  43  4:31  Viking x2  
  47  4:40  Marine  
  47  4:42  Orbital Command  
  49  4:49  Siege Tank  
  53  4:55  Supply Depot  
  53  5:01  Marine  
  53  5:03  Viking  
  57  5:08  Viking  
  61  5:22  Engineering Bay  
  62  5:34  Siege Tank  
  66  5:40  Viking  
  70  5:51  Missile Turret  
  70  5:52  Missile Turret  
  70  6:07  Marine  
Spawning Tool Build Advisor. Get it on Overwolf

Analysis

memes

Go to:

Details

  • Created by: Aggression
  • Published on: Jan 09, 2017
  • Modified on: Jan 09, 2017
  • Patch: 3.8.0
Show
View Real Time Build Order
Export as new Build Order

Comments (0)

There are no comments. Be the first!

Create an account to comment!